 Dungeon Crawl Stone Soup version 0.21.0-3-g78d12a8 (webtiles) character file.

12936 zhorgal the Fighter (level 12, -5/66 HPs)
             Began as a Vine Stalker Wanderer on Jan 16, 2018.
             Was a Believer of Uskayaw.
             Slain by a black mamba (7 damage)
             ... on level 1 of the Lair of Beasts.
             The game lasted 00:47:12 (10306 turns).

zhorgal the Fighter (Vine Stalker Wanderer)        Turns: 10306, Time: 00:47:13

Health: -5/66      AC: 24    Str: 17    XL:     12   Next: 0%
Magic:  0/27       EV:  3    Int: 12    God:    Uskayaw [**....]
Gold:   584        SH:  0    Dex: 17    Spells: 11/11 levels left

rFire    . . .     SeeInvis .   o - +1 dagger (venom)
rCold    . . .     Gourm    +   (no shield)
rNeg     . . .     Faith    .   g - +1 crystal plate armour
rPois    +         Spirit   +   M - +0 helmet
rElec    .         Reflect  .   d - +0 cloak
rCorr    .         Harm     .   A - +0 pair of gloves
MR       +....                  (no boots)
Stlth    ..........             y - amulet of the gourmand
HPRegen  1.01/turn              L - ring of magical power
MPRegen  0.20/turn              Z - ring of poison resistance

@: no status effects
A: fangs 3, regeneration 2, magic shield, antimagic bite, no potion heal 3, rot
immunity
a: Stomp, Line Pass, Renounce Religion


You were on level 1 of the Lair of Beasts.
You worshipped Uskayaw.
Uskayaw was noncommittal.
You were very full.

You visited 3 branches of the dungeon, and saw 13 of its levels.

You collected 704 gold pieces.
You spent 120 gold pieces at shops.

Inventory:

Hand Weapons
 a - a +2 spear
 l - a +1 dagger of venom
 n - a +0 rapier
 o - a +1 dagger of venom (weapon)
 q - a +0 hunting sling
 x - a +3 dagger of speed
 B - a +6 long sword of protection
 E - a +0 blowgun
 H - a +0 flail of holy wrath
 S - a cursed +4 short sword
 W - a +2 battleaxe of freezing
Missiles
 j - 31 sling bullets
 r - 305 stones (quivered)
 F - 108 poisoned needles
 Y - 7 tomahawks
Armour
 d - a +0 cloak (worn)
 g - a +1 crystal plate armour (worn)
 s - a cursed -1 ring mail
 A - a +0 pair of gloves (worn)
 M - a +0 helmet (worn)
Jewellery
 e - an uncursed ring of positive energy
 w - an uncursed ring of protection from fire
 y - an amulet of the gourmand (around neck)
 L - a ring of magical power (left hand)
 N - an uncursed amulet of regeneration {unknown}
 U - a +4 amulet of reflection {unknown}
 X - a +3 ring of intelligence
 Z - a ring of poison resistance (right hand)
Wands
 k - a wand of digging (7)
 C - a wand of enslavement (4)
 D - a wand of scattershot (2)
 T - a wand of random effects (33)
Scrolls
 b - 4 scrolls of teleportation
 t - a scroll of immolation
 J - a scroll of blinking
 O - 2 scrolls of enchant armour
 P - 4 scrolls of remove curse
 Q - 2 scrolls of identify
 R - a scroll of magic mapping
Potions
 c - 2 potions of agility
 h - a potion of mutation
 i - 2 potions of lignification
 p - 4 potions of might
 u - a potion of haste
 v - a potion of magic
 z - 2 potions of flight
 G - 3 potions of brilliance
 I - a potion of degeneration {unknown}
 K - a potion of curing
Miscellaneous
 V - a phial of floods
Comestibles
 f - 19 rations


   Skills:
 + Level 9.3 Fighting
 + Level 9.2 Short Blades
 - Level 1.2 Polearms
 + Level 8.4 Armour
 - Level 2.1 Dodging
 - Level 2.4 Stealth
   Level 2.0 Fire Magic
   Level 1.0 Ice Magic
 + Level 6.7 Evocations


You had 11 spell levels left.
You didn't know any spells.

Dungeon Overview and Level Annotations

Branches:
Dungeon (10/15)            Temple (1/1) D:7            Lair (2/6) D:8
    Orc (0/2) D:10
  Swamp: Lair:2-4    Shoals: Lair:2-4     Snake: Lair:2-4    Spider: Lair:2-4

Altars:
Ashenzari
Cheibriados
Dithmenos
Elyvilon
Fedhas
Gozag
Hepliaklqana
Kikubaaqudgha
Makhleb
Nemelex Xobeh
Okawaru
Qazlal
Ru
Sif Muna
Trog
Uskayaw
Vehumet
Wu Jian
Xom
Yredelemnul
Zin
The Shining One

Shops:
D:4 !   D:10 }

Annotations:
D:4 1 runed door
D:9 Duskembrace's ghost, novice TrBe


Innate Abilities, Weirdness & Mutations

You have razor-sharp teeth.
You heal very quickly.
When hurt, damage is shared between your health and your magic reserves.
Your bite disrupts and absorbs the magic of your enemies.
Potions cannot restore your health.
You are immune to rotting.


Message History

The black mamba barely misses you.
The rime drake bites you but does no damage.
The wolf bites you but does no damage.
You hit the black mamba but do no damage.
Your bite misses the black mamba.
The black mamba bites you but does no damage.
The rime drake barely misses you. The wolf bites you but does no damage.
You hit the rime drake.
You kill the rime drake!
You have reached level 12!
Your experience leads to an increase in your attributes!
Increase (S)trength, (I)ntelligence, or (D)exterity?
You feel stronger.
You feel agile.
You begin to heal more quickly.
The black mamba bites you.
* * * LOW HITPOINT WARNING * * *
You take 5 damage, and have 1/66 hp.
You hit the black mamba but do no damage.
The black mamba bites you!
You die...

..# #..##.#.#..## ..#
##..#.....#..#
..######...#.....#.##
..#.##.##..#.....#.#
...........+.....+.#
##....>..(.#.......#
#..........#.....#.#
##.......[..#.#†#..#
#.............†@h.#
#.#PP###.##....S..#
#.#### ###P.......##
#.# ##..##.#..# #.#
#.#...#..# #.##
#.#...#.## #..#
#.....+.## #..#
#.....#..# #.##
#.#...#.##


You could see a black mamba and a wolf.

Vanquished Creatures
  A hydra (Lair:1)
  2 two-headed ogres
  Nergalle (Lair:1)
  The ghost of komo4ek the Cudgeler, a novice HuGl of Ashenzari (D:7)
  Joseph (D:7)
  A spiny frog (Lair:1)
  A rime drake (Lair:1)
  2 komodo dragons
  A troll (D:10)
  Prince Ribbit (D:6)
  4 hippogriffs
  A shadow (D:10)
  Sigmund (D:6)
  A wraith (D:10)
  A wyvern (Lair:1)
  A yak (D:7)
  3 hogs (D:7)
  A human (D:7)
  Eustachio (D:6)
  3 hungry ghosts
  A steam dragon (Lair:1)
  Edmund (D:5)
  2 water moccasins
  Duvessa (D:6)
  2 porcupines (Lair:1)
  A black bear (D:7)
  An orc warrior (D:6)
  An ice beast (D:9)
  4 centaurs
  9 ogres
  10 wolves
  4 crocodiles (Lair:1)
  Blork the orc (D:5)
  A big kobold (D:5)
  8 bullfrogs
  A wyvern zombie (D:10)
  Dowan (D:6)
  A scorpion (D:6)
  7 wights (D:9)
  9 killer bees (D:8)
  5 crimson imps
  A quasit (D:9)
  2 bullfrog zombies
  A hound (D:7)
  A centaur skeleton (D:4)
  An orc priest (D:8)
  A jelly (D:9)
  3 bullfrog skeletons
  3 iguanas
  5 orc wizards
  5 worker ants
  A killer bee zombie (D:7)
  A hound skeleton (D:6)
  8 adders
  4 shadow imps
  An ooze (D:3)
  4 adder skeletons
  A dart slug (D:1)
  5 leopard geckos
  19 orcs
  5 bats
  6 giant cockroaches
  4 hobgoblins
  8 jackals
  13 kobolds
  10 quokkas
  A ball python (D:7)
  10 frilled lizards
  9 goblins
  A leopard gecko skeleton (D:7)
  8 rats
242 creatures vanquished.

Vanquished Creatures (others)
  A jelly (D:8)
  A leopard gecko skeleton (D:8)
  A plant (D:8)
3 creatures vanquished.

Grand Total: 245 creatures vanquished

Notes
Turn   | Place    | Note
-------+----------+-------------------------------------------
     0 | D:1      | zhorgal the Vine Stalker Wanderer began the quest for the Orb.
     0 | D:1      | zhorgal set off with: a +2 spear, 2 scrolls of teleportation, a +0 robe, a +0 dagger, a ration
     0 | D:1      | Reached XP level 1. HP: 10/10 MP: 2/2
   150 | D:1      | Reached XP level 2. HP: 14/14 MP: 3/3
   582 | D:1      | Reached XP level 3. HP: 18/18 MP: 4/4
   675 | D:1      | You fall through a shaft!
   805 | D:2      | Reached skill level 1 in Short Blades
   907 | D:2      | Reached skill level 1 in Armour
  1145 | D:2      | Gained mutation: Your natural rate of healing is unusually fast. [Vine Stalker growth]
  1145 | D:2      | Reached XP level 4. HP: 23/23 MP: 5/5
  1455 | D:3      | Reached XP level 5. HP: 18/27 MP: 6/6
  1968 | D:4      | Noticed an ogre
  1978 | D:4      | Killed an ogre
  1978 | D:4      | Reached XP level 6. HP: 4/32 MP: 1/7
  2215 | D:4      | Found Kiutset's Distillery.
  2222 | D:4      | Bought a potion of might for 40 gold pieces
  2222 | D:4      | Bought a potion of might for 40 gold pieces
  2222 | D:4      | Bought a potion of agility for 40 gold pieces
  2447 | D:4      | Reached XP level 7. HP: 33/36 MP: 8/8
  2569 | D:4      | Found a runed door.
  2628 | D:5      | Entered Level 5 of the Dungeon
  2671 | D:5      | Noticed Blork the orc
  2703 | D:5      | Killed Blork the orc
  3051 | D:5      | Noticed Edmund
  3066 | D:5      | Killed Edmund
  3066 | D:5      | Gained mutation: You have razor-sharp teeth. [Vine Stalker growth]
  3066 | D:5      | Reached XP level 8. HP: 42/42 MP: 9/9
  3245 | D:5      | Reached skill level 5 in Fighting
  3893 | D:6      | Reached skill level 5 in Short Blades
  4070 | D:6      | Noticed Sigmund
  4082 | D:6      | Killed Sigmund
  4082 | D:6      | Reached skill level 5 in Armour
  4082 | D:6      | Reached XP level 9. HP: 48/48 MP: 10/10
  4123 | D:6      | Noticed Eustachio
  4160 | D:6      | Killed Eustachio
  4300 | D:6      | Noticed Dowan
  4301 | D:6      | Noticed Duvessa
  4313 | D:6      | Killed Duvessa
  4326 | D:6      | Killed Dowan
  4908 | D:6      | Noticed Prince Ribbit
  4920 | D:6      | Killed Prince Ribbit
  5202 | D:7      | Noticed komo4ek's ghost (novice HuGl)
  5203 | D:7      | Noticed a two-headed ogre
  5266 | D:7      | Noticed Joseph
  5395 | D:7      | Killed Joseph
  5821 | D:7      | Killed a two-headed ogre
  5821 | D:7      | Reached XP level 10. HP: 55/55 MP: 13/13
  6213 | D:7      | Killed komo4ek's ghost
  6293 | D:7      | Found a staircase to the Ecumenical Temple.
  6301 | Temple   | Entered the Ecumenical Temple
  6448 | Temple   | Became a worshipper of Uskayaw the Reveler
  6570 | D:8      | Reached * piety under Uskayaw
  6646 | D:8      | Reached ** piety under Uskayaw
  6794 | D:8      | Found a burning altar of Makhleb.
  6827 | D:8      | Reached *** piety under Uskayaw
  7241 | D:8      | Found a staircase to the Lair.
  7653 | D:9      | Reached skill level 5 in Evocations
  7735 | D:9      | Reached XP level 11. HP: 60/60 MP: 15/15
  7986 | D:9      | Noticed Duskembrace's ghost (novice TrBe)
  8037 | D:10     | Entered Level 10 of the Dungeon
  8412 | D:10     | Noticed a two-headed ogre
  8418 | D:10     | Killed a two-headed ogre
  8473 | D:10     | Found Xefec's Gadget Shop.
  8514 | D:10     | Found a staircase to the Orcish Mines.
  8546 | D:10     | Found an iron altar of Okawaru.
  9211 | Lair:1   | Entered Level 1 of the Lair of Beasts
  9219 | Lair:1   | Noticed a five-headed hydra
  9233 | Lair:1   | Killed a five-headed hydra
  9233 | Lair:1   | Reached **** piety under Uskayaw
  9700 | Lair:1   | Reached ***** piety under Uskayaw
  9812 | Lair:1   | Noticed Nergalle
  9851 | Lair:1   | Killed Nergalle
 10305 | Lair:1   | Gained mutation: You heal very quickly. [Vine Stalker growth]
 10305 | Lair:1   | Reached XP level 12. HP: 6/66 MP: 0/18
 10305 | Lair:1   | HP: 1/66 [black mamba (5)]
 10306 | Lair:1   | Slain by a black mamba

Skill      XL: |  1  2  3  4  5  6  7  8  9 10 11 |
---------------+----------------------------------+-----
Dodging        | 2 |  2.1
Short Blades   | 1 2 3 4 5 7 8 9 |  9.2
Armour         | 1 2 3 5 6 7 8 |  8.4
Fighting       | 2 3 4 5 7 8 9 |  9.3
Evocations     | 3 5 6 |  6.7
Polearms       | |  1.2
Stealth        | |  2.4
Fire Magic     | |  2.0
Ice Magic      | |  1.0

Action                   |  1- 3 |  4- 6 |  7- 9 | 10-12 || total
-------------------------+-------+-------+-------+-------++-------
Melee: Spear             |    33 |       |       |       ||    33
       Bite              |    20 |    60 |   148 |   304 ||   532
       Dagger            |    58 |   182 |   462 |   790 ||  1492
 Fire: Hunting sling     |       |     3 |       |       ||     3
Invok: Stomp             |       |       |       |     5 ||     5
Evoke: Wand              |       |       |       |     4 ||     4
  Use: Scroll            |       |       |    11 |     6 ||    17
       Potion            |       |       |       |     1 ||     1
 Stab: Sleeping          |     7 |       |       |       ||     7
       Paralysed         |       |       |       |     6 ||     6
  Eat: Chunk             |     1 |     9 |    18 |    42 ||    70
       Ration            |       |       |       |     1 ||     1
Armor: Robe              |     4 |       |       |       ||     4
       Crystal plate arm |    38 |   159 |   291 |   545 ||  1033
       Chain mail        |    20 |       |       |       ||    20
Dodge: Dodged            |    20 |     7 |    27 |    74 ||   128
